 Dungeon Crawl Stone Soup version 0.28-a0-1038-g9c4cb8273d (webtiles) character file.

Game seed: 2848704703542426953

684 siradein the Skirmisher (level 7, -8/76 HPs)
             Began as an Ogre Fighter on Dec 8, 2021.
             Mangled by a mummy (15 damage)
             ... in an ossuary.
             The game lasted 00:08:07 (5449 turns).

siradein the Skirmisher (Ogre Fighter)              Turns: 5449, Time: 00:08:07

Health: -8/76      AC:  4    Str: 21    XL:     7   Next: 62%
Magic:  7/7        EV:  9    Int:  9    God:
Gold:   84         SH:  8    Dex: 10    Spells: 6/6 levels left

rFire   + . .      SeeInvis .   r - +3 flail
rCold   . . .      Faith    .   c - +0 kite shield
rNeg    . . .      Spirit   .   a - +0 animal skin
rPois   .          Reflect  .   (helmet restricted)
rElec   .          Harm     .   q - +0 cloak
rCorr   +          Rampage  .   (gloves unavailable)
Will    .....                   (boots unavailable)
Stlth   +.........              (no amulet)
HPRegen 0.22/turn               h - ring of protection from fire
MPRegen 0.10/turn               d - ring of resist corrosion

@: slowed, very slow
A: large, unfitting armour, tough skin 1
a: no special abilities


You were in an ossuary.
You visited 1 branch of the dungeon, and saw 4 of its levels.
You also visited: Ossuary.

You collected 84 gold pieces.

Inventory:

Hand Weapons
 r - a +3 flail (weapon)
Missiles
 p - 9 poisoned darts (quivered)
Armour
 a - a +0 animal skin (worn)
 c - a +0 kite shield (worn)
 q - a +0 cloak (worn)
Jewellery
 d - a ring of resist corrosion (right hand)
 e - a ring of wizardry
 h - a ring of protection from fire (left hand)
Scrolls
 b - a scroll of noise {unknown}
 g - a scroll of teleportation {unknown}
 i - 4 scrolls of identify {unknown}
 k - 2 scrolls of magic mapping {unknown}
 m - a scroll of fear {unknown}
 n - a scroll of immolation {unknown}
Potions
 f - 2 potions of brilliance {unknown}
 j - a potion of lignification {unknown}
 l - a potion of haste {unknown}
 o - a potion of ambrosia {unknown}
 s - a potion of berserk rage {unknown}


   Skills:
 + Level 6.6 Fighting
 + Level 4.0 Maces & Flails
 + Level 4.5 Dodging
 + Level 4.5 Shields


You had 6 spell levels left.
You didn't know any spells.
Your spell library contained the following spells:

 Spells                   Type           Power      Damage    Failure   Level
 Ensorcelled Hibernation  Hex/Ice        0%         N/A       85%         2
 Passwall                 Tmut/Erth      0%         N/A       85%         2
 Spider Form              Tmut/Pois      0%         N/A       97%         3
 Swiftness                Air            0%         N/A       97%         3
 Animate Armour           Summ/Erth      0%         N/A       100%        4
 Blade Hands              Tmut           0%         N/A       100%        5
 Iron Shot                Conj/Erth      0%         9d1       100%        6


Dungeon Overview and Level Annotations

Branches:
Dungeon (4/15)            Ossuary (1/1)
 Temple: D:4-7

Altars:

Shops:
D:2 [   D:3 =


Innate Abilities, Weirdness & Mutations

You are too large for most types of armour.
You have tough skin. (AC +1)


Message History

You block the killer bee zombie's attack.
The killer bee zombie hits you.
You sock the killer bee zombie!
The killer bee zombie is severely damaged.
The killer bee zombie hits you.
The killer bee zombie hits you but does no damage.
A mummy comes into view.
You hit the killer bee zombie.
The killer bee zombie is almost destroyed.
The killer bee zombie hits you. x2
You closely miss the killer bee zombie.
The killer bee zombie is almost destroyed.
The killer bee zombie hits you. x2
You block the killer bee zombie's attack.
You closely miss the killer bee zombie.
The killer bee zombie is almost destroyed.
The killer bee zombie hits you.
You block the killer bee zombie's attack.
A mummy comes into view.
You sock the killer bee zombie!
You destroy the killer bee zombie!
The bog mummy points at you and mumbles some strange words.
The puff of frost hits you!
* * * LOW HITPOINT WARNING * * *
A water moccasin zombie comes into view.
You hit the mummy.
The mummy is lightly damaged.
The water moccasin zombie bites you.
* * * LOW HITPOINT WARNING * * *
You block the bog mummy's attack.
There is an open door, spattered with blood here.
You thump the mummy!
The mummy is severely damaged.
The water moccasin zombie closely misses you.
The bog mummy casts a spell at you.
You feel yourself slow down. You block the mummy's attack.
The bog mummy hits you.
* * * LOW HITPOINT WARNING * * *
The mummy hits you!
You die...

##### #∩..#
#.∩.# #@M.#
#'##'##M##.#
.≈≈Z..M.M..+
.#'#+#'#Z#+#
P≈. .# #≈≈#
## #≈#≈ #≈≈#
##≈


You could see 2 mummies, a bog mummy and a water moccasin zombie.

Vanquished Creatures
  Grinder (D:3)
  A necrophage (D:4)
  Crazy Yiuf (D:2)
  Natasha (thrice) (D:2)
  Jessica (D:3)
  Terence (D:2)
  A killer bee zombie (Ossuary)
  3 mummies (Ossuary)
  Robin (D:3)
  5 gnolls
  5 adders
  3 worms
  5 dart slugs
  3 orcs (D:3)
  3 ball pythons
  4 bats
  6 endoplasms
  3 giant cockroaches
  12 goblins
  9 hobgoblins
  6 kobolds
  3 quokkas
  3 frilled lizards
  2 rats
85 creatures vanquished.

Vanquished Creatures (others)
  2 fungi (D:2)
  3 withered plants (Ossuary)
5 creatures vanquished.

Grand Total: 90 creatures vanquished

Notes
Turn   | Place    | Note
-------+----------+-------------------------------------------
     0 | D:1      | siradein the Ogre Fighter began the quest for the Orb.
     0 | D:1      | Reached XP level 1. HP: 24/24 MP: 1/1
   135 | D:1      | Reached XP level 2. HP: 32/32 MP: 2/2
   442 | D:1      | Reached XP level 3. HP: 14/40 MP: 3/3
  1640 | D:2      | Found Wuritsiq's Antique Armour Emporium.
  1755 | D:2      | Noticed Natasha
  1764 | D:2      | Killed Natasha
  1765 | D:2      | Reached XP level 4. HP: 40/49 MP: 4/4
  1905 | D:2      | Noticed Terence
  1918 | D:2      | Killed Terence
  2056 | D:2      | Noticed Natasha
  2059 | D:2      | Killed Natasha
  2060 | D:2      | Reached skill level 5 in Fighting
  2060 | D:2      | Reached XP level 5. HP: 48/57 MP: 5/5
  2761 | D:2      | Noticed Natasha
  2774 | D:2      | Killed Natasha
  2960 | D:2      | Found a runed translucent door.
  2961 | D:2      | Noticed Crazy Yiuf
  3524 | D:2      | Killed Crazy Yiuf
  3770 | D:3      | Noticed Grinder
  3775 | D:3      | Paralysed by Grinder for 5 turns
  3785 | D:3      | Killed Grinder
  3786 | D:3      | Reached skill level 6 in Fighting
  3786 | D:3      | Reached XP level 6. HP: 46/67 MP: 6/6
  3895 | D:3      | Found Paleteocky's Jewellery Shop.
  4274 | D:3      | Noticed Robin
  4280 | D:3      | Killed Robin
  4284 | D:3      | Reached XP level 7. HP: 72/75 MP: 7/7
  4483 | D:3      | HP: 3/75 [gnoll (5)]
  4917 | D:3      | Noticed Jessica
  4919 | D:3      | Killed Jessica
  5403 | D:4      | Found a sand-covered staircase.
  5411 | Ossuary  | Entered an ossuary
  5449 | Ossuary  | Mangled by a mummy

Illustrated notes

Levels and vault maps discovered:
D:1:      kennysheep_arrival_forest, layout_loops_corners,
          shapermc_ecumenical_altar_mp_urbaneastern, lemuel_old_faithful
D:2:      layout_basic, serial_shops, nicolae_square_shop,
          uniq_crazy_yiuf_cottage, uniq_terence, uniq_natasha
D:3:      layout_basic, serial_shops, shop, serial_park_tiny_1, uniq_grinder,
          uniq_jessica, uniq_robin
D:4:      layout_rooms, jmf_multi_god_temple2,
          mainiacjoe_overflow_catwalk_spiral, enter_ossuary_4, lightli_minifort
Ossuary:  ossuary_zaba_flooded

Skill      XL: |  1  2  3  4  5  6  7 |
---------------+----------------------+-----
Maces & Flails | 2 3 4 |  4.0
Dodging        | 3 4 |  4.5
Shields        | 3 4 |  4.5
Fighting       | 5 6 |  6.6

Action                   |  1- 3 |  4- 6 |  7- 9 || total
-------------------------+-------+-------+-------++-------
Melee: Flail             |    72 |   120 |    84 ||   276
  Use: Potion            |       |     1 |       ||     1
 Stab: Sleeping          |     3 |       |       ||     3
Armor: Robe              |    12 |    22 |     3 ||    37
       Animal skin       |       |       |    21 ||    21
Dodge: Dodged            |    22 |    36 |    33 ||    91
Block: Kite shield       |    28 |    47 |    37 ||   112

Table legend: (Time is in decaauts)
 A = Elapsed time spent in this place.
 B = Non-inter-level travel time spent in this place.
 C = Inter-level travel time spent in this place.
 D = Time resting spent in this place.
 E = Time spent auto-exploring this place.
 F = Levels seen in this place.
 G = Mean time per level.
                   A        B        C        D        E       F      G
               +--------+--------+--------+--------+--------+-----+--------+
         Total |   5565 |   5475 |     90 |    559 |   4176 |   5 | 1113.0 |
       Dungeon |   5522 |   5432 |     90 |    559 |   4165 |   4 | 1380.5 |
       Ossuary |     43 |     43 |      0 |      0 |     11 |   1 |   43.0 |
               +--------+--------+--------+--------+--------+-----+--------+

Top non-repeatable levels by time:
     D:2: 2406 daAuts
     D:3: 1546 daAuts
     D:1: 1250 daAuts
     D:4: 319 daAuts
 Ossuary: 43 daAuts
